 Dungeon Crawl Stone Soup version 0.28.0-43-g3370ac3207 (webtiles) character file.

Game seed: 13384465717169514241

473 adizb the Chiller (level 7, -7/46 HPs)
             Began as a Barachi Ice Elementalist on Mar 17, 2022.
             Mangled by Dowan
             ... wielding a +3 dagger of electrocution
              (9 damage)
             ... on level 4 of the Dungeon on Mar 18, 2022.
             The game lasted 00:21:34 (3215 turns).

adizb the Chiller (Barachi Ice Elementalist)        Turns: 3215, Time: 00:21:35

Health: -7/46      AC:  9    Str:  9    XL:     7   Next: 10%
Magic:  1/12       EV: 13    Int: 18    God:
Gold:   113        SH:  0    Dex: 12    Spells: 4/13 levels left

rFire   . . .      SeeInvis .   k - +1 war axe (freeze)
rCold   . . .      Faith    .   (no shield)
rNeg    . . .      Spirit   .   a - +0 robe
rPois   .          Reflect  .   (no helmet)
rElec   .          Harm     .   (no cloak)
rCorr   .          Rampage  .   (no gloves)
Will    +....                   (no boots)
Stlth   ++........              (no amulet)
HPRegen 0.15/turn               b - ring of willpower
MPRegen 0.13/turn               (no ring)

@: ice-armoured, slow
A: amphibious, slowness 1, strong legs 1, +LOS
a: Hop


You were on level 4 of the Dungeon.
You visited 1 branch of the dungeon, and saw 4 of its levels.

You collected 113 gold pieces.

Inventory:

Hand Weapons
 f - a +0 short sword
 k - a +1 war axe of freezing (weapon)
 l - a +1 flail of holy wrath
Armour
 a - a +0 robe (worn)
Jewellery
 b - a ring of willpower (left hand)
Scrolls
 c - a scroll of magic mapping
 e - a scroll of fog
 n - a scroll of vulnerability {unknown}
 p - a scroll of enchant armour {unknown}
Potions
 g - a potion of curing
 h - a potion of degeneration {unknown}
 j - a potion of resistance {unknown}
 o - a potion of ambrosia {unknown}


   Skills:
 + Level 4.1 Dodging
 - Level 1.7 Stealth
 + Level 3.9 Spellcasting
 + Level 3.7 Fire Magic
 + Level 6.9 Ice Magic


You had 4 spell levels left.
You knew the following spells:

 Your Spells              Type           Power      Damage    Failure   Level
a - Freeze                Ice            100%       1d11      1%          1
b - Frozen Ramparts       Ice            56%        1d7       2%          3
c - Scorch                Fire           32%        2d7       4%          2
d - Ozocubu's Armour      Ice            28%        N/A       2%          3

Your spell library contained the following spells:

 Spells                   Type           Power      Damage    Failure   Level
 Corpse Rot               Necr/Air       6%         N/A       22%         2
 Sublimation of Blood     Necr           3%         N/A       22%         2
 Wereblood                Tmut           3%         N/A       22%         2
 Hailstorm                Conj/Ice       16%        3d6       34%         4
 Flame Wave               Conj/Fire      10%        2d5       56%         4
 Dispel Undead            Necr           3%         3d7       83%         4
 Alistair's Intoxication  Tmut/Pois      2%         N/A       99%         5
 Borgnjor's Vile Clutch   Necr/Erth      1%         N/A       99%         5
 Death Channel            Necr           1%         N/A       100%        6
 Eringya's Noxious Bog    Tmut/Pois      1%         N/A       100%        6
 Summon Cactus Giant      Summ           1%         N/A       100%        6
 Summon Hydra             Summ           1%         N/A       100%        7


Dungeon Overview and Level Annotations

Branches:
Dungeon (4/15)
 Temple: D:4-7

Altars:

Shops:
D:2 *

Annotations:
D:4 Dowan


Innate Abilities, Weirdness & Mutations

You are amphibious.
You cover ground slowly.
You can hop short distances.
You have an extended range of vision and can be seen from far away.


Message History

The wall freezes Dowan but does no damage.
Dowan completely misses you.
The wall freezes Dowan.
Dowan barely misses you.
You closely miss Dowan.
Dowan is lightly wounded.
The wall freezes Dowan.
Dowan casts a spell.
Dowan blinks!
The wall freezes Dowan.
You barely miss Dowan.
Dowan is lightly wounded.
Dowan hits you with a +3 dagger of electrocution.
Dowan hits you with a +3 dagger of electrocution!
You are electrocuted!
Dowan hits you with a +3 dagger of electrocution.
Your frozen ramparts will break if you move.
Continue?
The frozen ramparts melt away as you move.
Dowan casts a spell.
Dowan blinks!
Dowan gestures at you while chanting. The shard of ice hits you!!
* * * LOW HITPOINT WARNING * * *
You feel better.
Dowan casts a spell.
Dowan blinks!
Okay, then.
Okay, then.
Non-targeted cast: Ozocubu's Armour (2%)
Press: ? - help, Q - select action, (/) - cycle Dir - look around, f - activate A film of ice covers your body!
Dowan casts a spell at you. The stone arrow hits you.
* * * LOW HITPOINT WARNING * * *
Aiming: Freeze (safe; 1% risk of failure)
Press: ? - help, Q - select action, (/) - cycle Shift-Dir - straight line, f - Dowan
Aim: Dowan, wielding a +3 dagger of electrocution and wearing a +0 robe (lightly wounded, fast)
You freeze Dowan.
Dowan is lightly wounded.
Dowan hits you with a +3 dagger of electrocution.
* * * LOW HITPOINT WARNING * * *
You are electrocuted!
You die...

### ##########.#
...........#
##########.#######
########.#.##....#
.........#.##.##.#
########....#.##@##########
# #####.#......e.........#
####<........)#.#########.#
.........>................##
#########.##..#............#
# ...##..#............### #
###.##..#.....e......... #
#.##..#..............K #
#.##..#...รท...........


You could see Dowan (fast).

Vanquished Creatures
  Duvessa (D:4)
  A necrophage (D:4)
  A water moccasin skeleton (D:4)
  An orc priest (D:3)
  Natasha (thrice) (D:3)
  An orc wizard (D:3)
  A howler monkey skeleton (D:4)
  3 adders
  A dart slug (D:1)
  3 worms
  11 orcs
  2 bats
  6 endoplasms
  2 giant cockroaches
  3 goblins
  8 hobgoblins
  2 jackals (D:3)
  A quokka (D:1)
  3 ball pythons
  5 frilled lizards
  5 kobolds
  6 rats
70 creatures vanquished.

Notes
Turn   | Place    | Note
-------+----------+-------------------------------------------
     0 | D:1      | adizb the Barachi Ice Elementalist began the quest for the
                  | Orb.
     0 | D:1      | Reached XP level 1. HP: 13/13 MP: 3/3
   566 | D:1      | Reached skill level 5 in Ice Magic
   768 | D:1      | Reached XP level 2. HP: 17/19 MP: 1/5
  1094 | D:2      | Reached XP level 3. HP: 10/24 MP: 2/6
  1100 | D:2      | Learned a level 3 spell: Frozen Ramparts
  1103 | D:2      | Learned a level 2 spell: Scorch
  1497 | D:2      | Found a faded altar of an unknown god.
  1727 | D:2      | Found Hanugus's Assorted Antiques.
  1733 | D:2      | Reached skill level 1 in Fire Magic
  1838 | D:3      | Noticed Natasha
  1845 | D:3      | Killed Natasha
  1846 | D:3      | Reached XP level 4. HP: 23/30 MP: 0/8
  1873 | D:3      | Noticed Natasha
  1893 | D:3      | Killed Natasha
  2047 | D:3      | Reached skill level 6 in Ice Magic
  2047 | D:3      | Reached XP level 5. HP: 27/35 MP: 4/9
  2466 | D:3      | Noticed Natasha
  2483 | D:3      | Killed Natasha
  2484 | D:3      | Reached XP level 6. HP: 26/41 MP: 7/10
  2536 | D:3      | Learned a level 3 spell: Ozocubu's Armour
  2772 | D:4      | Noticed a necrophage
  2785 | D:4      | Killed a necrophage
  2810 | D:4      | Noticed Duvessa
  2927 | D:4      | Noticed Dowan
  2928 | D:4      | Killed Duvessa
  2929 | D:4      | Reached XP level 7. HP: 24/46 MP: 2/12
  3209 | D:4      | HP: 2/46 [Dowan/shard of ice (18)]
  3215 | D:4      | HP: 2/46 [Dowan/+3 dagger of electrocution (4)]
  3215 | D:4      | Mangled by Dowan

Illustrated notes

Levels and vault maps discovered:
D:1:      dpeg_chamrin_arrival_tetris, layout_basic, due_unseen_surprise
D:2:      layout_basic, shapermc_ecumenical_altar_venn, serial_shops, shop
D:3:      layout_basic, serial_curves, eino_curves_03, eino_curves_04,
          uniq_natasha
D:4:      layout_basic, chequers_serial_rivers_micro_d, uniq_duvessa,
          uniq_blork_the_orc

Skill      XL: |  1  2  3  4  5  6 |
---------------+-------------------+-----
Ice Magic      | 5 6 |  6.9
Fire Magic     | 1 2 3 |  3.7
Dodging        | 3 4 |  4.1
Spellcasting   | 3 |  3.9
Stealth        | |  1.7

Action                   |  1- 3 |  4- 6 |  7- 9 || total
-------------------------+-------+-------+-------++-------
Melee: Unarmed           |     1 |       |       ||     1
       Short sword       |    12 |     7 |       ||    19
       War axe           |       |    30 |     2 ||    32
 Cast: Freeze            |    46 |    10 |     1 ||    57
       Frozen Ramparts   |     2 |     9 |     1 ||    12
       Scorch            |       |    13 |     3 ||    16
       Ozocubu's Armour  |       |     1 |     1 ||     2
  Use: Scroll            |     3 |     3 |     1 ||     7
       Potion            |       |       |     2 ||     2
 Stab: Sleeping          |     1 |       |       ||     1
Armor: Robe              |    10 |     4 |       ||    14
Dodge: Dodged            |    30 |    34 |     3 ||    67
